 Dungeon Crawl Stone Soup version 0.29.0-4-gdea44cf6ec (webtiles) character file.

Game seed: 3075992970277381247

1971 qw the Cleaver (level 9, -6/68 HPs)
             Began as a Barachi Chaos Knight on Sept 4, 2022.
             Killed by divine providence
             ... invoked by a smoke demon
             ... summoned by Xom
              (14 damage)
             ... on level 6 of the Dungeon.
             The game lasted 00:03:00 (4795 turns).

qw the Cleaver (Barachi Chaos Knight)               Turns: 4795, Time: 00:03:01

Health: -6/68      AC: 11    Str: 18      XL:     9   Next: 20%
Magic:  8/8        EV:  4    Int: 11 (13) God:
Gold:   297        SH: 16    Dex: 15      Spells: 8/8 levels left

rFire   . . .      SeeInvis .   Y - +0 war axe
rCold   . . .      Faith    .   h - +0 tower shield
rNeg    . . .      Spirit   .   v - +0 chain mail
rPois   .          Reflect  .   f - +2 hat
rElec   .          Harm     .   (no cloak)
rCorr   .          Rampage  .   (no gloves)
Will    .....                   (no boots)
Stlth   ..........              (no amulet)
HPRegen 1.01/turn               w - +6 ring of dexterity
MPRegen 0.11/turn               b - +4 ring of protection

@: about to teleport, slow
A: amphibious, slowness 1, strong legs 1, +LOS, clumsy 1, deformed body,
deterioration 1, low MP 1, passive freeze, regeneration 1, screaming 2
a: Hop


You were on level 6 of the Dungeon.
You visited 2 branches of the dungeon, and saw 7 of its levels.

You collected 297 gold pieces.


Innate Abilities, Weirdness & Mutations

You are amphibious.
You cover ground slowly.
You can hop short distances.
You have an extended range of vision and can be seen from far away.
You are clumsy. (Dex -2)
Armour fits poorly on your strangely shaped body.
Your body sometimes deteriorates upon taking damage.
Your magical capacity is low. (-10% MP)
A frigid envelope surrounds you and freezes all who hurt you.
Your natural rate of healing is unusually fast.
You frequently scream uncontrollably at your foes.


   Skills:
 - Level 5.1 Fighting
 - Level 9.0 Axes
 - Level 0.7 Throwing
 - Level 3.9 Armour
 - Level 1.1 Dodging
 + Level 8.6 Shields


You had 8 spell levels left.
You didn't know any spells.
Your spell library was empty.

Inventory:

Hand Weapons
 d - a +0 vampiric whip
 Y - a +0 war axe (weapon)
Missiles
 n - 4 boomerangs (quivered)
Armour
 f - a +2 hat (worn)
 h - a +0 tower shield (worn)
 v - a +0 chain mail (worn)
Jewellery
 b - a +4 ring of protection (right hand)
 w - a +6 ring of dexterity (left hand)
Scrolls
 a - 6 scrolls of teleportation
 e - a scroll of blinking {unknown}
 j - 2 scrolls of enchant armour
 t - a scroll of identify
Potions
 g - a potion of degeneration {unknown}
 i - a potion of resistance {unknown}
 k - a potion of flight {unknown}
 l - 3 potions of curing
 m - a potion of ambrosia {unknown}
 p - a potion of heal wounds {unknown}
Miscellaneous
 c - a piece from Xom's chessboard (15/15)

Dungeon Overview and Level Annotations

Branches:
Dungeon (6/15)             Temple (1/1) D:5

Altars:
Ashenzari
Cheibriados
Dithmenos
Elyvilon
Gozag
Hepliaklqana
Kikubaaqudgha
Makhleb
Nemelex Xobeh
Qazlal
Ru
Sif Muna
Trog
Uskayaw
Vehumet
Wu Jian
Xom
Yredelemnul
Zin
The Shining One

Annotations:
D:4 1 runed translucent door, Crazy Yiuf


Message History

The crimson imp is moderately wounded.
You barely miss the smoke demon.
You are covered in liquid flames!
You block the crimson imp's attack.
The smoke demon hits you but does no damage.
The smoke demon is very cold.
The smoke demon is lightly wounded.
The smoke demon hits you but does no damage.
The smoke demon is very cold.
The smoke demon is moderately wounded.
You block the smoke demon's attack.
You hit the smoke demon but do no damage.
The smoke demon is moderately wounded.
You barely miss the crimson imp.
You are covered in liquid flames!
You are no longer on fire.
The crimson imp hits you but does no damage.
The crimson imp is frozen!
The crimson imp is very cold.
The crimson imp is severely wounded.
The smoke demon gestures at you. Xom smites you!
You block the smoke demon's attack.
The smoke demon hits you but does no damage.
The smoke demon is very cold.
The smoke demon is heavily wounded.
The smoke demon barely misses you. You block the crimson imp's attack.
4794 ||| READING 7 scrolls of teleportation.
As you read the scroll of teleportation, it crumbles to dust.
You feel strangely unstable. You block the crimson imp's attack.
The smoke demon gestures at you. Xom smites you!
You slash the smoke demon!
The smoke demon is severely wounded.
You barely miss the crimson imp.
The crimson imp hits you but does no damage.
The crimson imp is frozen!
The crimson imp is very cold.
The crimson imp is severely wounded.
The smoke demon gestures at you. Xom smites you!
You die...

###....#######....#
.##...........#####
..#)).........#
...).....##...#
....####.....##
.#.## ###....##
##)## #.....##
##).## #...##3###
#....####....###@5#
..##...##.....####.#
...###.........# #
....###...#.....
...............#
....#.........##
....##...####.#
........## .#
)..###...#


You could see a smoke demon (summoned) and a crimson imp (summoned).

Vanquished Creatures
  Sigmund (D:2)
  A sky beast (D:6)
  2 black bears (D:6)
  2 ice beasts
  An ogre (D:6)
  Blork the orc (D:5)
  A gnoll sergeant (D:6)
  A scorpion (D:5)
  9 wights
  A howler monkey (D:4)
  2 hounds
  3 orc priests (D:6)
  Jessica (D:3)
  3 iguanas
  2 orc wizards
  Terence (D:2)
  9 adders
  5 gnolls (D:6)
  A white imp (D:5)
  An ufetubus (D:5)
  3 dart slugs
  20 orcs
  11 ball pythons
  6 endoplasms
  3 giant cockroaches (D:1)
  9 goblins
  9 hobgoblins
  7 jackals (D:1)
  6 quokkas
  4 bats
  2 frilled lizards (D:1)
  7 kobolds
  7 rats
142 creatures vanquished.

Vanquished Creatures (others)
  7 plants (D:2)
7 creatures vanquished.

Grand Total: 149 creatures vanquished

Notes
Turn   | Place    | Note
-------+----------+-------------------------------------------
     0 | D:1      | qw the Barachi Chaos Knight began the quest for the Orb.
     0 | D:1      | Reached XP level 1. HP: 18/18 MP: 1/1
     0 | D:1      | 0 ||| qw: Version: 0.1-a-103-gd6f5d3a
     0 | D:1      | 0 ||| qw: Game counter: 5396
     0 | D:1      | 0 ||| qw: Always use a shield: true
     0 | D:1      | 0 ||| qw: God list: Okawaru
     0 | D:1      | 0 ||| qw: Allow faded altars: false
     0 | D:1      | 0 ||| qw: Do Orc after D:15 true
     0 | D:1      | 0 ||| qw: Do second Lair branch before Depths: true
     0 | D:1      | 0 ||| qw: Lair rune preference: random
     0 | D:1      | 0 ||| qw: Plans: Normal
     0 | D:1      | 0 ||| PLANNING D:1-11
     0 | D:1      | Fell from the grace of Xom
   110 | D:1      | 110 ||| Stepping ~*~*~tactically~*~*~ (stealth).
   138 | D:1      | Found a faded altar of an unknown god.
   141 | D:1      | Reached XP level 2. HP: 15/24 MP: 2/2
   190 | D:1      | XOM: draining
   217 | D:1      | XOM: 6-stop teleportation journey
   228 | D:1      | 228 ||| Stepping ~*~*~tactically~*~*~ (hiding).
   233 | D:1      | Reached skill level 4 in Axes
   298 | D:1      | XOM: noise
   308 | D:1      | 308 ||| Stepping ~*~*~tactically~*~*~ (stealth).
   332 | D:1      | 332 ||| Stepping ~*~*~tactically~*~*~ (stealth).
   370 | D:1      | XOM: give mutations
   370 | D:1      | Gained mutation: You are clumsy. (Dex -2) [Xom's mischief]
   370 | D:1      | Gained mutation: You occasionally lose the ability to drink
                  | potions when taking damage. [Xom's mischief]
   370 | D:1      | Gained mutation: Your natural rate of healing is unusually
                  | fast. [Xom's mischief]
   370 | D:1      | Gained mutation: You occasionally lose the ability to read
                  | scrolls when taking damage. [Xom's mischief]
   587 | D:1      | Reached XP level 3. HP: 27/28 MP: 3/3
   610 | D:1      | 610 ||| Stepping ~*~*~tactically~*~*~ (stealth).
   614 | D:1      | 614 ||| Stepping ~*~*~tactically~*~*~ (stealth).
   618 | D:1      | 618 ||| Stepping ~*~*~tactically~*~*~ (stealth).
   655 | D:1      | 655 ||| DROPPING +0 club.
  1212 | D:1      | 1212 ||| UPGRADING to +0 ring mail.
  1222 | D:1      | 1222 ||| DROPPING +2 leather armour.
  1223 | D:1      | 1223 ||| UPGRADING to ring of willpower.
  1224 | D:1      | 1224 ||| READING scroll labelled FAALOUMPIC.
  1225 | D:1      | 1225 ||| READING 3 scrolls labelled HASYAS KIO.
  1226 | D:1      | 1226 ||| DRINKING 2 clear potions.
  1227 | D:1      | 1227 ||| DROPPING potion of attraction.
  1311 | D:2      | Noticed Terence
  1321 | D:2      | 1321 ||| Stepping ~*~*~tactically~*~*~ (stealth).
  1327 | D:2      | Killed Terence
  1328 | D:2      | Reached skill level 5 in Axes
  1328 | D:2      | Reached XP level 4. HP: 30/36 MP: 4/4
  1328 | D:2      | 1328 ||| STAIRDANCE
  1343 | D:2      | XOM: summons 3 hostile shadow creatures
  1398 | D:2      | Noticed Sigmund
  1399 | D:2      | 1399 ||| FLEEEEING.
  1400 | D:2      | 1400 ||| Stepping ~*~*~tactically~*~*~ (hiding).
  1415 | D:2      | Killed Sigmund
  1416 | D:2      | Reached skill level 7 in Axes
  1416 | D:2      | Reached XP level 5. HP: 16/41 MP: 5/5
  1512 | D:2      | 1512 ||| Stepping ~*~*~tactically~*~*~ (stealth).
  1513 | D:2      | 1513 ||| Stepping ~*~*~tactically~*~*~ (stealth).
  1522 | D:2      | Reached XP level 6. HP: 48/48 MP: 6/6
  1524 | D:2      | 1524 ||| Stepping ~*~*~tactically~*~*~ (stealth).
  1552 | D:2      | 1552 ||| Stepping ~*~*~tactically~*~*~ (stealth).
  1553 | D:2      | 1553 ||| Stepping ~*~*~tactically~*~*~ (stealth).
  1575 | D:2      | XOM: summons 1 hostile shadow creature
  1687 | D:2      | Identified the +10 trident of Accord {flame, *Rage rN+
                  | Will+}
  1697 | D:2      | 1697 ||| Stepping ~*~*~tactically~*~*~ (stealth).
  1896 | D:2      | Identified the +1 robe "Vuorereun" {rPois rC+ Str+3 Int+3}
  1959 | D:2      | 1959 ||| Stepping ~*~*~tactically~*~*~ (stealth).
  2022 | D:2      | 2022 ||| UPGRADING to +1 robe "Vuorereun" {rPois rC+ Str+3
                  | Int+3}.
  2032 | D:2      | 2032 ||| UPGRADING to +4 ring of protection.
  2033 | D:2      | 2033 ||| READING scroll labelled ZEVOUCONEJEH.
  2057 | D:2      | 2057 ||| READING scroll labelled MEEZUV GI ALUK.
  2061 | D:2      | 2061 ||| DRINKING 2 yellow potions.
  2287 | D:3      | 2287 ||| Stepping ~*~*~tactically~*~*~ (stealth).
  2288 | D:3      | 2288 ||| Stepping ~*~*~tactically~*~*~ (stealth).
  2289 | D:3      | 2289 ||| Stepping ~*~*~tactically~*~*~ (stealth).
  2357 | D:3      | 2357 ||| SWAPPING to +0 antimagic hand axe.
  2358 | D:3      | 2358 ||| DROPPING +0 hand axe of chaos.
  2488 | D:3      | 2488 ||| Stepping ~*~*~tactically~*~*~ (stealth).
  2490 | D:3      | 2490 ||| Stepping ~*~*~tactically~*~*~ (stealth).
  2511 | D:3      | 2511 ||| DROPPING +0 mace of protection.
  2514 | D:3      | 2514 ||| SWAPPING to +0 war axe.
  2515 | D:3      | 2515 ||| DROPPING +0 antimagic hand axe.
  2574 | D:3      | Noticed Jessica
  2581 | D:3      | Killed Jessica
  2678 | D:3      | 2678 ||| Stepping ~*~*~tactically~*~*~ (stealth).
  2680 | D:3      | 2680 ||| Stepping ~*~*~tactically~*~*~ (stealth).
  2690 | D:3      | 2690 ||| DRINKING potion of curing.
  2690 | D:3      | 2690 ||| (to cure confusion)
  2736 | D:3      | XOM: give mutations
  2736 | D:3      | Lost mutation: You occasionally lose the ability to read
                  | scrolls when taking damage. [Xom's mischief]
  2736 | D:3      | Gained mutation: You are frail. (-10% HP) [Xom's mischief]
  2848 | D:3      | 2848 ||| Stepping ~*~*~tactically~*~*~ (hiding).
  2849 | D:3      | 2849 ||| Stepping ~*~*~tactically~*~*~ (hiding).
  2850 | D:3      | 2850 ||| Stepping ~*~*~tactically~*~*~ (hiding).
  2851 | D:3      | 2851 ||| Stepping ~*~*~tactically~*~*~ (hiding).
  2852 | D:3      | 2852 ||| Stepping ~*~*~tactically~*~*~ (hiding).
  2939 | D:3      | XOM: give mutations
  2939 | D:3      | Lost mutation: You occasionally lose the ability to drink
                  | potions when taking damage. [Xom's mischief]
  2939 | D:3      | Gained mutation: You occasionally lose the ability to read
                  | scrolls when taking damage. [Xom's mischief]
  2939 | D:3      | Lost mutation: You are clumsy. (Dex -2) [Xom's mischief]
  2942 | D:3      | 2942 ||| DROPPING +0 ring mail.
  2943 | D:3      | 2943 ||| UPGRADING to +0 chain mail.
  2953 | D:3      | 2953 ||| DROPPING +1 robe "Vuorereun" {rPois rC+ Str+3
                  | Int+3}.
  2954 | D:3      | 2954 ||| DROPPING ring of magical power.
  2955 | D:3      | 2955 ||| UPGRADING to +6 ring of dexterity.
  2957 | D:3      | 2957 ||| DROPPING ring of willpower.
  2958 | D:3      | 2958 ||| READING scroll labelled XETTOPHI XIAL.
  2959 | D:3      | 2959 ||| READING 2 scrolls labelled BOEREHAXTU.
  2960 | D:3      | 2960 ||| DRINKING 2 grey potions.
  2961 | D:3      | 2961 ||| DROPPING potion of magic.
  3075 | D:4      | XOM: noise
  3076 | D:4      | Found a runed translucent door.
  3079 | D:4      | Noticed Crazy Yiuf
  3111 | D:4      | 3111 ||| Stepping ~*~*~tactically~*~*~ (stealth).
  3116 | D:4      | 3116 ||| Stepping ~*~*~tactically~*~*~ (stealth).
  3143 | D:4      | 3143 ||| Stepping ~*~*~tactically~*~*~ (stealth).
  3153 | D:4      | Reached skill level 8 in Axes
  3210 | D:4      | XOM: give mutations
  3210 | D:4      | Gained mutation: You are very frail. (-20% HP) [Xom's
                  | mischief]
  3210 | D:4      | Gained mutation: Your spells are a little harder to cast,
                  | but a little more powerful. [Xom's mischief]
  3210 | D:4      | Gained mutation: You are weak. (Str -2) [Xom's mischief]
  3340 | D:4      | 3340 ||| Stepping ~*~*~tactically~*~*~ (stealth).
  3399 | D:4      | 3399 ||| UPGRADING to +2 hat.
  3404 | D:4      | 3404 ||| READING 3 scrolls labelled COISSOUN VIAGRONG.
  3405 | D:4      | 3405 ||| READING 2 scrolls of identify.
  3405 | D:4      | 3405 ||| IDENTIFYING lumpy yellow potion
  3406 | D:4      | 3406 ||| DROPPING potion of lignification.
  3407 | D:4      | 3407 ||| DROPPING 2 scrolls of fear.
  3423 | D:4      | XOM: stat loss: -3 Str (11/14)
  3424 | D:5      | Entered Level 5 of the Dungeon
  3444 | D:5      | Noticed an ice beast
  3455 | D:5      | Killed an ice beast
  3456 | D:5      | Reached skill level 3 in Armour
  3456 | D:5      | Reached XP level 7. HP: 43/43 MP: 7/7
  3481 | D:5      | 3481 ||| DROPPING +0 flail.
  3498 | D:5      | XOM: give mutations
  3498 | D:5      | Lost mutation: Your spells are a little harder to cast, but
                  | a little more powerful. [Xom's mischief]
  3498 | D:5      | Lost mutation: You are very frail. (-20% HP) [Xom's
                  | mischief]
  3498 | D:5      | Gained mutation: You are very weak. (Str -4) [Xom's
                  | mischief]
  3539 | D:5      | 3539 ||| Stepping ~*~*~tactically~*~*~ (stealth).
  3540 | D:5      | 3540 ||| Stepping ~*~*~tactically~*~*~ (stealth).
  3543 | D:5      | 3543 ||| Stepping ~*~*~tactically~*~*~ (stealth).
  3544 | D:5      | 3544 ||| Stepping ~*~*~tactically~*~*~ (stealth).
  3560 | D:5      | 3560 ||| Stepping ~*~*~tactically~*~*~ (stealth).
  3567 | D:5      | 3567 ||| FLEEEEING.
  3574 | D:5      | HP: 6/41 [wight/+3 flail (6)]
  3636 | D:5      | 3636 ||| Stepping ~*~*~tactically~*~*~ (stealth).
  3637 | D:5      | 3637 ||| Stepping ~*~*~tactically~*~*~ (stealth).
  3638 | D:5      | 3638 ||| Stepping ~*~*~tactically~*~*~ (stealth).
  3640 | D:5      | 3640 ||| Stepping ~*~*~tactically~*~*~ (stealth).
  3696 | D:5      | XOM: give mutation
  3696 | D:5      | Gained mutation: Armour fits poorly on your strangely
                  | shaped body. [Xom's mischief]
  3712 | D:5      | Found a sparkling altar of Nemelex Xobeh.
  3712 | D:5      | Found an opulent altar of Gozag.
  3718 | D:5      | Reached skill level 9 in Axes
  3854 | D:5      | Found a staircase to the Ecumenical Temple.
  3855 | D:5      | 3855 ||| PLANNING TEMPLE
  3855 | D:5      | 3855 ||| UPGRADING to +0 tower shield.
  3860 | D:5      | 3860 ||| READING 2 scrolls of identify.
  3860 | D:5      | 3860 ||| IDENTIFYING murky golden potion
  3861 | D:5      | 3861 ||| DRINKING potion of mutation.
  3861 | D:5      | Lost mutation: You are very weak. (Str -4) [potion of
                  | mutation]
  3861 | D:5      | Lost mutation: You are frail. (-10% HP) [potion of
                  | mutation]
  3861 | D:5      | Lost mutation: You occasionally lose the ability to read
                  | scrolls when taking damage. [potion of mutation]
  3861 | D:5      | Gained mutation: You have large cloven feet. [potion of
                  | mutation]
  3861 | D:5      | Gained mutation: A frigid envelope surrounds you and
                  | freezes all who hurt you. [potion of mutation]
  3861 | D:5      | Gained mutation: You have a pair of small antennae on your
                  | head. [potion of mutation]
  3875 | Temple   | Entered the Ecumenical Temple
  3970 | Temple   | 3970 ||| PLANNING D:1-11
  3998 | D:5      | XOM: give mutations
  3998 | D:5      | Gained mutation: You are clumsy. (Dex -2) [Xom's mischief]
  3998 | D:5      | Lost mutation: You have large cloven feet. [Xom's mischief]
  3998 | D:5      | Lost mutation: You are weak. (Str -2) [Xom's mischief]
  3998 | D:5      | Gained mutation: Your magical capacity is low. (-10% MP)
                  | [Xom's mischief]
  4012 | D:5      | 4012 ||| Stepping ~*~*~tactically~*~*~ (stealth).
  4018 | D:5      | Reached skill level 1 in Shields
  4018 | D:5      | Reached XP level 8. HP: 56/62 MP: 7/7
  4087 | D:5      | 4087 ||| Stepping ~*~*~tactically~*~*~ (hiding).
  4118 | D:5      | XOM: summons 2 hostile shadow creatures
  4154 | D:5      | Noticed Blork the orc
  4157 | D:5      | Killed Blork the orc
  4306 | D:5      | 4306 ||| DRINKING 2 viscous brown potions.
  4307 | D:5      | 4307 ||| DROPPING potion of brilliance.
  4326 | D:6      | 4326 ||| Stepping ~*~*~tactically~*~*~ (hiding).
  4328 | D:6      | 4328 ||| Stepping ~*~*~tactically~*~*~ (hiding).
  4339 | D:6      | Reached skill level 3 in Shields
  4368 | D:6      | 4368 ||| Stepping ~*~*~tactically~*~*~ (stealth).
  4380 | D:6      | 4380 ||| Stepping ~*~*~tactically~*~*~ (stealth).
  4431 | D:6      | 4431 ||| Stepping ~*~*~tactically~*~*~ (hiding).
  4480 | D:6      | XOM: give mutations
  4480 | D:6      | Gained mutation: You occasionally shout uncontrollably at
                  | your foes. [Xom's mischief]
  4480 | D:6      | Gained mutation: Your body sometimes deteriorates upon
                  | taking damage. [Xom's mischief]
  4480 | D:6      | Gained mutation: You frequently scream uncontrollably at
                  | your foes. [Xom's mischief]
  4480 | D:6      | Lost mutation: You have a pair of small antennae on your
                  | head. [Xom's mischief]
  4491 | D:6      | 4491 ||| Stepping ~*~*~tactically~*~*~ (stealth).
  4502 | D:6      | Reached skill level 6 in Shields
  4559 | D:6      | 4559 ||| Stepping ~*~*~tactically~*~*~ (stealth).
  4567 | D:6      | Reached XP level 9. HP: 61/68 MP: 8/8
  4691 | D:6      | 4691 ||| Stepping ~*~*~tactically~*~*~ (hiding).
  4694 | D:6      | 4694 ||| Stepping ~*~*~tactically~*~*~ (hiding).
  4786 | D:6      | XOM: summons 4 hostile demons
  4787 | D:6      | Noticed a smoke demon
  4793 | D:6      | HP: 14/68 [smoke demon/divine providence[Xom] (12)]
  4794 | D:6      | 4794 ||| READING 7 scrolls of teleportation.
  4795 | D:6      | Killed from afar by a smoke demon

Levels and vault maps discovered:
D:1:      dpeg_arrival_rooms_with_view, layout_basic,
          ebering_ecumenical_altar_webs, minmay_tromino_v2
D:2:      cheibrodos_old_hovel, layout_rooms, serial_curves, eino_curves_01,
          eino_curves_03, eino_curves_01, eino_curves_03, uniq_sigmund,
          uniq_terence
D:3:      layout_basic, grunt_ministairs_2, corexii_leaking_fountain,
          uniq_jessica
D:4:      layout_rooms, uniq_crazy_yiuf_cottage
D:5:      layout_loops_ring, grunt_temple_overflow_opulence,
          minmay_temple_entry_offerings, uniq_blork_the_orc
D:6:      layout_layer_cave
Temple:   regret_index_temple_mists

Skill      XL: |  1  2  3  4  5  6  7  8  9 |
---------------+----------------------------+-----
Axes           | 4 5 7 8 9 |  9.0
Fighting       | 4 5 |  5.1
Armour         | 3 |  3.9
Shields        | 1 7 8 |  8.6
Throwing       | |  0.7
Dodging        | |  1.1

Action                   |  1- 3 |  4- 6 |  7- 9 || total
-------------------------+-------+-------+-------++-------
Melee: Hand axe          |   133 |   113 |       ||   246
       War axe           |       |    71 |   164 ||   235
       Punch             |       |       |     1 ||     1
Throw: Boomerang         |       |       |    24 ||    24
Invok: Renounce Religion |     1 |       |       ||     1
  Use: Scroll            |     2 |     6 |     2 ||    10
       Potion            |     1 |     3 |     2 ||     6
 Stab: Confused          |     1 |       |       ||     1
Armor: Leather armour    |    45 |       |       ||    45
       Ring mail         |     2 |    10 |       ||    12
       Chain mail        |       |    32 |    68 ||   100
       Robe              |       |    29 |       ||    29
Dodge: Dodged            |    84 |    64 |    24 ||   172
Block: Tower shield      |       |       |    93 ||    93

Table legend:
 A = Non-vault XP
 B = Vault XP
 C = Vault XP percentage of total XP
 D = Non-vault monster count
 E = Vault monster count
 F = Vault count percentage of total count
                 A         B        C        D         E       F
            +---------+---------+-------+---------+---------+-------
      Total |    2422 |     395 |  14.0 |     131 |      11 |   7.7
            +---------+---------+-------+---------+---------+-------
        D:1 |      44 |       8 |  15.4 |      25 |       4 |  13.8
        D:2 |      39 |     247 |  86.4 |      19 |       3 |  13.6
        D:3 |      92 |      41 |  30.8 |      22 |       3 |  12.0
        D:4 |     113 |       0 |   0.0 |      14 |       0 |   0.0
        D:5 |     643 |      99 |  13.3 |      16 |       1 |   5.9
        D:6 |    1491 |       0 |   0.0 |      35 |       0 |   0.0
            +---------+---------+-------+---------+---------+-------
